 Dungeon Crawl Stone Soup version 0.18.1-48-g4cf74bf (webtiles) character file.

378 Heedrag the Conjurer (level 6, -3/32 HPs)
             Began as a Deep Elf Conjurer on Aug 4, 2016.
             Slain by a giant frog (4 damage)
             ... on level 5 of the Dungeon.
             The game lasted 00:07:46 (2998 turns).

Heedrag the Conjurer (Deep Elf Conjurer)            Turns: 2998, Time: 00:07:47

Health: -3/32      AC:  2    Str:  7    XL:     6   Next: 45%
Magic:  10/15      EV:  8    Int: 20    God:
Gold:   171        SH:  0    Dex: 15    Spells: 4 memorised, 2 levels left

rFire  + . .     SeeInvis .     l - +1 mace (holy)
rCold  x . .     Gourm    .     a - +0 robe
rNeg   . . .     Faith    .     (no shield)
rPois  .         Spirit   .     (no helmet)
rElec  .         Dismiss  .     (no cloak)
rCorr  .         Reflect  .     (no gloves)
SustAt .         Harm     .     (no boots)
MR     .....                    (no amulet)
Stlth  +++.......               (no ring)
                                t - ring of fire

@: not resistant to hostile enchantments, fairly stealthy
A: no striking features
a: no special abilities


You were on level 5 of the Dungeon.
You were not hungry.

You visited 1 branch of the dungeon, and saw 5 of its levels.

You collected 171 gold pieces.

Inventory:

Hand Weapons
 e - a +0 short sword
 l - a +1 mace of holy wrath (weapon)
Armour
 a - a +0 robe (worn)
Jewellery
 t - a ring of fire (left hand)
Wands
 u - a wand of flame (9/48)
Scrolls
 g - a scroll of fear {unknown}
 i - 4 scrolls of identify {unknown}
 k - a scroll of enchant weapon {unknown}
 m - a scroll of teleportation {unknown}
 r - a scroll of remove curse {unknown}
 s - 2 scrolls of magic mapping {unknown}
 y - a scroll of random uselessness {unknown}
Potions
 d - a potion of invisibility {unknown}
 h - 2 potions of might {unknown}
 n - a potion of flight {unknown}
 o - a potion of haste {unknown}
 p - a potion of curing
 q - a potion of agility {unknown}
 v - 2 potions of magic {unknown}
Books
 b - a book of Conjurations

   Spells                             Type                      Level
   a - Magic Dart                     Conjuration                  1
   b - Searing Ray                    Conjuration                  2
   c - Dazzling Spray                 Conjuration/Hexes            3
   d - Fulminant Prism                Conjuration/Hexes            4
   e - Iskenderun's Mystic Blast      Conjuration                  4
   f - Iskenderun's Battlesphere      Conjuration/Charms           5
 j - a book of Changes

   Spells                             Type                      Level
   a - Beastly Appendage              Transmutation                1
   b - Sticks to Snakes               Transmutation                2
   c - Spider Form                    Transmutation/Poison         3
   d - Ice Form                       Ice/Transmutation            4
   e - Blade Hands                    Transmutation                5
 w - a book of Alchemy

   Spells                             Type                      Level
   a - Sublimation of Blood           Necromancy                   2
   b - Ignite Poison                  Fire/Transmutation/Poison    3
   c - Petrify                        Transmutation/Earth          4
   d - Alistair's Intoxication        Transmutation/Poison         5
   e - Irradiate                      Conjuration/Transmutation    5
Comestibles
 c - 5 bread rations
 f - 3 beef jerkies
 x - 6 chunks of flesh


   Skills:
 - Level 3.4 Dodging
 - Level 4.0 Stealth
 + Level 5.1 Spellcasting
 * Level 6.5 Conjurations
 + Level 2.2 Charms


You had 2 spell levels left.
You knew the following spells:

 Your Spells              Type           Power        Failure   Level  Hunger
a - Magic Dart            Conj           ####         1%          1    None
b - Dazzling Spray        Conj/Hex       ###...       10%         3    ##.....
c - Iskenderun's Mystic   Conj           ####....     10%         4    ####...
d - Iskenderun's Battles  Conj/Chrm      ###.....     58%         5    #####..


Dungeon Overview and Level Annotations

Branches:
Dungeon (5/15)
 Temple: D:4-7

Altars:
Sif Muna

Annotations:
D:3 exclusion: downstairs
D:4 Grinder


Message History

Tha giant frog barely misses ye.
Tha orc wizard gestures wildly while chantin'.
Tha orc wizard flickers an' vanishes!
Tha orc priest looks bra'er fer a momn't.
An orc comes inta view.
It be wieldin' a club.
An orc wizard comes inta view.
It be wieldin' a dagger.
Tha orc wizard moves outta view.
Thar be a stone staircase leadin' down 'ere.
Tha giant frog hits ye!
* * * LOW HITPOINT WARNIN'
* * * Ye climb downwards.
An ooze, 4 orcs, an orc priest an' a crimson imp come inta view.
Tha orc shouts!
Found 19 gold pieces.
Thar be a stone staircase leadin' up 'ere.
Tha orc priest shouts!
Tha crimson imp shouts!
Tha giant frog hits ye.
* * * LOW HITPOINT WARNIN'
* * * Tha giant frog hits ye.
Ye die...

##### .o...#
..o...# ...o...
....... .......
.......########
o......@F......
............5..
...............
o..............
..$............
..........J....
...$...........
.......##.#####


You could see a giant frog, an orc priest, a crimson imp, an ooze (wandering)
and 4 orcs.

Vanquished Creatures
  An ogre (D:4)
  2 orc wizards (D:4)
  An iguana (D:4)
  9 adders
  3 gnolls (D:3)
  2 oozes
  5 dart slugs
  2 giant geckos (D:3)
  11 orcs
  6 bats
  5 giant cockroaches
  3 goblins
  7 hobgoblins
  8 jackals
  5 kobolds
  2 quokkas
  3 giant newts
  4 rats
79 creatures vanquished.

Notes
Turn   | Place    | Note
--------------------------------------------------------------
     0 | D:1      | Heedrag the Deep Elf Conjurer began the quest for the Orb.
     0 | D:1      | Reached XP level 1. HP: 10/10 MP: 6/6
   189 | D:1      | Reached XP level 2. HP: 15/15 MP: 2/8
   846 | D:2      | Reached XP level 3. HP: 19/19 MP: 3/10
   851 | D:2      | Learned a level 3 spell: Dazzling Spray
  1247 | D:2      | Reached skill level 5 in Conjurations
  1508 | D:3      | Reached XP level 4. HP: 24/24 MP: 6/11
  1874 | D:3      | Learned a level 4 spell: Iskenderun's Mystic Blast
  1917 | D:3      | Found a deep blue altar of Sif Muna.
  1923 | D:3      | Reached XP level 5. HP: 20/28 MP: 5/13
  2418 | D:4      | Noticed Grinder
  2726 | D:4      | Learned a level 5 spell: Iskenderun's Battlesphere
  2733 | D:4      | Reached skill level 6 in Conjurations
  2737 | D:4      | Reached skill level 1 in Charms
  2737 | D:4      | Reached XP level 6. HP: 32/32 MP: 7/15
  2844 | D:4      | Reached skill level 5 in Spellcasting
  2997 | D:5      | Entered Level 5 of the Dungeon
  2998 | D:5      | HP: 1/32 [giant frog (3)]
  2998 | D:5      | Slain by a giant frog

Skill      XL: |  1  2  3  4  5  6 |
---------------+-------------------+-----
Stealth        | 3 4 |  4.0
Conjurations   | 5 6 |  6.5
Dodging        | 3 |  3.4
Spellcasting   | 4 5 |  5.1
Charms         | 1 2 |  2.2

Action                   |  1- 3 |  4- 6 || total
-------------------------+-------+-------++-------
Melee: Mace              |       |    10 ||    10
 Cast: Magic Dart        |    76 |   122 ||   198
       Dazzling Spray    |       |     2 ||     2
  Eat: Chunk             |     1 |     5 ||     6
Armor: Robe              |     1 |     1 ||     2
Dodge: Dodged            |     9 |    21 ||    30
